 Dungeon Crawl Stone Soup version 0.31-a0-851-g7ff8af7976 (webtiles) character file.

Game seed: 14738295825967967072

737 BinkBink the Skirmisher (level 7, -4/38 HPs)
             Began as a Deep Elf Hunter on Oct 5, 2023.
             Slain by a sleepcap (14 damage)
             ... on level 4 of the Dungeon.
             The game lasted 00:07:38 (4484 turns).

BinkBink the Skirmisher (Deep Elf Hunter)           Turns: 4484, Time: 00:07:38

Health: -4/38      AC:  3    Str:  8    XL:     7   Next: 46%
Magic:  9/9        EV:  2    Int: 14    God:
Gold:   166        SH:  0    Dex: 23    Spells: 6/6 levels left

rFire   . . .        a - +0 shortbow
rCold   + . .        (shield currently unavailable)
rNeg    . . .        m - +0 robe of Salvation {Dex+3}
rPois   .            (no helmet)
rElec   .            (no cloak)
rCorr   .            j - +0 pair of gloves
SInv    .            (no boots)
Will    .....        o - amulet of magic regeneration
Stlth   ++           b - ring of protection from cold
HPRegen 0.26/turn    (no ring)
MPRegen 0.51/turn

%: no passive effects
@: sleeping
A: no striking features
a: no special abilities


You were on level 4 of the Dungeon.
You visited 1 branch of the dungeon, and saw 5 of its levels.
You also visited: Sewer.

You collected 166 gold pieces.

Inventory:

Hand Weapons
 a - a +0 shortbow (weapon)
Missiles
 f - a throwing net
Armour
 j - a +0 pair of gloves (worn)
 m - the +0 robe of Salvation (worn) {Dex+3}
   (You found it on level 2 of the Dungeon)

   Dex+3:     It affects your dexterity (+3).
Jewellery
 b - a ring of protection from cold (left hand)
 o - an amulet of magic regeneration (around neck)
Wands
 q - a wand of roots (10)
Scrolls
 c - 2 scrolls of poison {unknown}
 e - 2 scrolls of identify {unknown}
 g - 2 scrolls of immolation
 k - a scroll of enchant armour {unknown}
 l - 2 scrolls of revelation {unknown}
 p - 4 scrolls of teleportation
 s - a scroll of noise {unknown}
Potions
 d - 4 potions of enlightenment
 h - a potion of attraction {unknown}
 n - a potion of brilliance {unknown}
 r - a potion of cancellation {unknown}


   Skills:
 - Level 1.5 Fighting
 + Level 12.0 Ranged Weapons
 - Level 2.4 Dodging
 - Level 1.2 Stealth


You had 6 spell levels left.
You didn't know any spells.
Your spell library contained the following spells:

 Spells                   Type           Power      Damage    Failure   Level
 Slow                     Hex            0%         N/A       28%         1
 Summon Small Mammal      Summ           0%         N/A       28%         1
 Call Canine Familiar     Summ           0%         N/A       65%         3
 Confusing Touch          Hex            0%         N/A       65%         3
 Sigil of Binding         Hex            0%         N/A       65%         3
 Summon Guardian Golem    Hex/Summ       0%         N/A       65%         3
 Vampiric Draining        Necr           0%         2d6       65%         3


Dungeon Overview and Level Annotations

Branches:
Dungeon (5/15)              Sewer (visited)
 Temple: D:4-7

Altars:
Fedhas
Kikubaaqudgha
Ru
Xom

Annotations:
D:5 Sigmund


Message History

The black bear is almost dead.
You shoot an arrow. The arrow hits the black bear.
The black bear is almost dead.
You shoot an arrow. The arrow hits the black bear.
The black bear is almost dead.
The black bear barely misses you. The black bear misses you.
The black bear completely misses you. The black bear bites you.
The black bear claws you. The black bear misses you.
The sleepcap releases spores at you. The black bear barely misses you.
The black bear claws you. x2
The quokka bites you but does no damage.
You climb upwards.
There is a stone staircase leading down here.
You are too injured to fight recklessly!
You are too injured to fight recklessly!
You are too injured to fight recklessly!
Fire: a) +0 shortbow
Press: ? - help, Q - select action, (/) - cycle Shift-Dir - straight line, f - black bear
Aim: a black bear (almost dead, berserk, 74% to hit)
You shoot an arrow. The arrow hits the black bear.
You kill the black bear!
The sleepcap completely misses you.
Your Ranged Weapons skill increases to level 12!
Fire: a) +0 shortbow
Press: ? - help, Q - select action, (/) - cycle Shift-Dir - straight line, f - sleepcap
Aim: a sleepcap (98% to hit)
You shoot an arrow. The arrow hits the sleepcap.
The sleepcap is lightly damaged.
The sleepcap barely misses you.
Fire: a) +0 shortbow
Press: ? - help, Q - select action, (/) - cycle Shift-Dir - straight line, f/p - sleepcap
Aim: a sleepcap (lightly damaged, 98% to hit)
You shoot an arrow. The arrow hits the sleepcap.
The sleepcap is moderately damaged.
The sleepcap releases spores at you!
* * * LOW HITPOINT WARNING * * *
You are engulfed in a cloud of soporific spores!
You fall asleep.
The sleepcap releases spores at you!
You die...

# #######
########## #.....#
#......... #.###.#
#.........
#f..#.####..#######
#.@................
#...##############.
#.....>..##P.## #..
#...######..._# #..
#...######....# #..
#...##)....⌠._###..
##..##.###P...P#...
#.....# #.[._.#..#
#..#..# ##P[###..#


You could see a sleepcap.

Vanquished Creatures
  3 black bears
  A scorpion (D:4)
  A howler monkey (D:4)
  A hound (D:4)
  2 iguanas
  A sickly merfolk siren (Sewer)
  A malarious merfolk avatar (Sewer)
  4 gnolls (D:4)
  6 adders
  A river rat (D:4)
  2 ufetubi (D:4)
  3 worms
  11 orcs
  7 ball pythons
  5 endoplasms
  7 giant cockroaches
  2 goblins
  9 hobgoblins
  5 jackals
  3 quokkas
  3 bats
  10 frilled lizards
  7 kobolds
  29 rats
124 creatures vanquished.

Notes
Turn   | Place    | Note
-------+----------+-------------------------------------------
     0 | D:1      | BinkBink the Deep Elf Hunter began the quest for the Orb.
     0 | D:1      | Reached XP level 1. HP: 12/12 MP: 3/3
   433 | D:1      | Reached XP level 2. HP: 16/16 MP: 4/4
   435 | D:1      | Reached skill level 6 in Ranged Weapons
   800 | D:2      | Found a blossoming altar of Fedhas.
  1120 | D:2      | Reached XP level 3. HP: 20/20 MP: 5/5
  1246 | D:2      | Found a faded altar of an unknown god.
  1383 | D:2      | Identified the +0 robe of Salvation {Dex+3}
  1947 | D:3      | Reached skill level 7 in Ranged Weapons
  2118 | D:3      | Reached XP level 4. HP: 25/25 MP: 6/6
  2470 | D:3      | Identified the +5 kite shield "Athruh" {rF+ Str+3 Int+4}
  2561 | D:3      | Reached skill level 8 in Ranged Weapons
  2846 | D:4      | Reached XP level 5. HP: 29/29 MP: 7/7
  2929 | D:4      | Noticed a black bear
  3009 | D:4      | Reached skill level 9 in Ranged Weapons
  3086 | D:4      | Reached XP level 6. HP: 33/34 MP: 8/8
  3235 | D:4      | Reached skill level 10 in Ranged Weapons
  3235 | D:4      | Found a glowing drain.
  3244 | Sewer    | Entered a sewer
  3943 | D:3      | Reached skill level 11 in Ranged Weapons
  3943 | D:3      | Reached XP level 7. HP: 2/38 MP: 9/9
  4170 | D:4      | Found a sacrificial altar of Ru.
  4170 | D:4      | Found a shimmering altar of Xom.
  4171 | D:4      | Found an ancient bone altar of Kikubaaqudgha.
  4472 | D:5      | Entered Level 5 of the Dungeon
  4479 | D:5      | Noticed Sigmund
  4482 | D:4      | Reached skill level 12 in Ranged Weapons
  4484 | D:4      | Slain by a sleepcap

Illustrated notes

Levels and vault maps discovered:
D:1:      lightli_arrival_windingriver, layout_loops_ring,
          chequers_serial_rivers_room_a, dreamdust_princess_bridge
D:2:      layout_basic, ebering_ecumenical_altar_ruins, basic_altar,
          minmay_tiny_reverse_x
D:3:      layout_basic
D:4:      layout_loops_ring, gammafunk_temple_overflow_forgotten,
          gup_sewer_entry_bubbles, grunt_decor_fettered
D:5:      layout_basic, mainiacjoe_overflow_six_doors_small, uniq_grinder,
          uniq_blork_the_orc, uniq_prince_ribbit1, uniq_sigmund

Skill      XL: |  1  2  3  4  5  6  7 |
---------------+----------------------+-----
Ranged Weapons | 6 7 8 9 11 12 | 12.0
Fighting       | |  1.5
Dodging        | |  2.4
Stealth        | |  1.2

Action                     |  1- 3 |  4- 6 |  7- 9 || total
---------------------------+-------+-------+-------++-------
   Fire: Shortbow          |   116 |   238 |    33 ||   387
    Use: Potion            |       |     4 |       ||     4
         Scroll            |       |     3 |       ||     3
 Armour: Skin              |     2 |       |       ||     2
         Robe              |     4 |    55 |    18 ||    77
  Dodge: Dodged            |    21 |    62 |    21 ||   104

Table legend: (Time is in decaauts)
 A = Elapsed time spent in this place.
 B = Non-inter-level travel time spent in this place.
 C = Inter-level travel time spent in this place.
 D = Time resting spent in this place.
 E = Time spent auto-exploring this place.
 F = Levels seen in this place.
 G = Mean time per level.
                   A        B        C        D        E       F      G
               +--------+--------+--------+--------+--------+-----+--------+
         Total |   4546 |   4269 |    277 |    186 |   3235 |   6 |  757.7 |
       Dungeon |   4145 |   3868 |    277 |    186 |   2997 |   5 |  829.0 |
         Sewer |    400 |    400 |      0 |      0 |    238 |   1 |  400.0 |
               +--------+--------+--------+--------+--------+-----+--------+

Top non-repeatable levels by time:
     D:2: 1167 daAuts
     D:4: 1140 daAuts
     D:3: 1135 daAuts
     D:1: 696 daAuts
   Sewer: 400 daAuts
     D:5: 6 daAuts
